 Dungeon Crawl Stone Soup version 0.30.1-9-gdf580d7c3d (webtiles) character file.

Game seed: 832960140762065884

22547 Chiseanne the Fighter (level 12, -3/90 HPs)
             Began as a Demonspawn Wanderer on Oct 4, 2023.
             Was an Initiate of Gozag.
             Killed from afar by a raiju (9 damage)
             ... with a living lightning
             ... on level 2 of the Abyss.
             The game lasted 00:24:49 (8319 turns).

Chiseanne the Fighter (Demonspawn Wanderer)         Turns: 8319, Time: 00:24:50

Health: -3/90      AC:  5    Str: 17      XL:     12   Next: 64%
Magic:  0/9        EV: 17    Int:  2      God:    Gozag
Gold:   697        SH: 16    Dex: 15 (16) Spells: 11/11 levels left

rFire   x x .        a - +7 hand axe of Objectivity {spect, rF+ rC+ Int-5 Stlth+}
rCold   + + +        p - +0 tower shield
rNeg    . . .        I - +2 ring mail of Crawling {Rampage *Corrode rPois rC+++}
rPois   +            (helmet restricted)
rElec   .            (no cloak)
rCorr   .            C - +0 pair of gloves
SInv    .            q - +0 pair of boots
Will    .....        c - amulet of the acrobat
Stlth   ++           o - +5 ring of evasion
HPRegen 0.35/turn    y - +4 ring of slaying
MPRegen 0.22/turn

%: corrode self (3%), acrobat, guardian spirit, rampage
@: corroded, gold aura, on berserk cooldown, slowed, unable to read, unable to
drink, very slow
A: claws 2, horns 1, demonic guardian 1, magic shield, magic regeneration,
weakness stinger 2, [deformed body], [dopey 2], [frail 1], [low MP 2],
[screaming 1], ([teleportitis 2]), [no potion heal 2], [cold vulnerability 1],
[heat vulnerability 3], [subdued magic 3], [inability to drink after injury 2],
[inability to read after injury 2]
a: Renounce Religion, Potion Petition, Call Merchant, Bribe Branch


You were on level 2 of the Abyss.
You worshipped Gozag.
Gozag was pleased with you.
You visited 2 branches of the dungeon, and saw 11 of its levels.
You visited the Abyss 1 time.

You collected 1203 gold pieces.
You spent 195 gold pieces at shops.
You paid 311 gold pieces to Gozag.

Inventory:

Hand Weapons
 a - the +7 hand axe of Objectivity (weapon) {spect, rF+ rC+ Int-5 Stlth+}
   (You found it on level 3 of the Dungeon)

   Int:       It affects your intelligence (-5).
   rF:        It protects you from fire.
   rC:        It protects you from cold.
   Stlth:     It makes you more stealthy.
 i - a +1 demon whip of venom
 j - a +3 club of venom
 n - a +0 mace
 v - a +2 falchion of flaming
 K - a +2 flail of protection
Missiles
 d - 4 silver javelins (quivered)
 f - 67 stones
 r - 25 poisoned darts
 s - 5 datura-tipped darts
 w - 5 boomerangs
 x - a throwing net
 L - a curare-tipped dart
Armour
 b - a +1 chain mail
 p - a +0 tower shield (worn)
 q - a +0 pair of boots (worn)
 C - a +0 pair of gloves (worn)
 I - the +2 ring mail of Crawling (worn) {Rampage *Corrode rPois rC+++}
   (You found it on level 9 of the Dungeon)

   rC:        It renders you almost immune to cold.
   rPois:     It protects you from poison.
   *Corrode:  It may corrode you when you take damage.
   Rampage:   It bestows one free step when moving towards enemies.
Jewellery
 c - an amulet of the acrobat (around neck)
 o - a +5 ring of evasion (left hand)
 y - a +4 ring of slaying (right hand)
 z - the ring "Ekyemedd" {Fly rC+ Int+4}
   (You acquired it on level 5 of the Dungeon)

   [ring of flight]

   Int:       It affects your intelligence (+4).
   rC:        It protects you from cold.
   Fly:       It grants you flight.
 A - a +6 ring of dexterity
 D - a ring of wizardry
Wands
 B - a wand of flame (45)
 N - a wand of polymorph (5)
 O - a wand of iceblast (6)
Scrolls
 g - a scroll of immolation
 h - 6 scrolls of teleportation
 k - a scroll of amnesia
 m - 2 scrolls of fog
 t - a scroll of blinking
 F - a scroll of fear
 G - a scroll of poison
 P - a scroll of identify
Potions
 e - 2 potions of magic
 l - 2 potions of heal wounds
 u - 2 potions of cancellation
 E - 2 potions of lignification
 H - a potion of flight
 J - a potion of curing
 M - a potion of brilliance


   Skills:
 * Level 11.4 Fighting
 - Level 1.7 Maces & Flails
 - Level 1.0 Throwing
 * Level 9.3 Armour
 * Level 8.9 Dodging
 - Level 1.0 Stealth
 * Level 10.0 Shields
 - Level 1.0 Evocations


You had 11 spell levels left.
You didn't know any spells.
Your spell library contained the following spells:

 Spells                   Type           Power      Damage    Failure   Level
 Freeze                   Ice            0%         1d3       99%         1
 Magic Dart               Conj           0%         1d3       99%         1
 Blink                    Tloc           0%         N/A       100%        2
 Lesser Beckoning         Tloc           0%         N/A       100%        2
 Momentum Strike          Conj/Tloc      0%         3d8       100%        2
 Searing Ray              Conj           0%         2d4       100%        2
 Sublimation of Blood     Necr           0%         N/A       100%        2
 Wereblood                Tmut           0%         N/A       100%        2
 Call Canine Familiar     Summ           0%         N/A       100%        3
 Frozen Ramparts          Ice            0%         1d1       100%        3
 Hailstorm                Conj/Ice       0%         3d3       100%        3
 Portal Projectile        Hex/Tloc       0%         N/A       100%        3
 Stone Arrow              Conj/Erth      0%         3d7       100%        3
 Animate Armour           Summ/Erth      0%         N/A       100%        4
 Fulminant Prism          Conj/Hex       0%         3d5       100%        4
 Ice Form                 Ice/Tmut       0%         N/A       100%        4
 Leda's Liquefaction      Hex/Erth       0%         N/A       100%        4
 Summon Ice Beast         Ice/Summ       0%         N/A       100%        4
 Summon Hydra             Summ           0%         N/A       100%        7
 Lehudib's Crystal Spear  Conj/Erth      0%         10d2      100%        8


Dungeon Overview and Level Annotations

Branches:
Dungeon (10/15)            Temple (1/1) D:5            Lair (0/5) D:9
    Orc (0/2) D:9

Altars:
Ashenzari
Cheibriados
Dithmenos
Gozag
Okawaru
Trog
Uskayaw
Xom
Yredelemnul

Shops:
D:6 ?   D:7 [*   D:9 *

Annotations:
D:10 Erolcha


Innate Abilities, Weirdness & Mutations

You have very sharp fingernails.
You have a pair of small horns on your head.
A weak demonic guardian rushes to your aid.
When hurt, damage is shared between your health and your magic reserves.
You regenerate magic rapidly.
You have a tail ending in a sharp stinger.
[Armour fits poorly on your strangely shaped body.]
[You are very dopey. (Int -4)]
[You are frail. (-10% HP)]
[Your magical capacity is very low. (-20% MP)]
[You occasionally shout uncontrollably at your foes.]
[((You are often teleported next to monsters.))]
[Potions cannot restore your health.]
[You are vulnerable to cold. (rC-)]
[You are extremely vulnerable to heat. (rF---)]
[Your spells are much easier to cast, but much less powerful.]
[You sometimes lose the ability to drink potions when taking damage.]
[You sometimes lose the ability to read scrolls when taking damage.]


Message History

You kill the deep troll!
The deep troll's shape twists and changes as it dies.
Your shadow imp hits the wretched star but does no damage.
You feel the corruption within you wane somewhat.
You feel robust.
You begin to regenerate regardless of the presence of monsters.
You feel robust.
You feel a little less angry.
You feel less vulnerable to cold.
You feel a little more calm.
You feel more energetic.
You feel agile.
Your urge to scream lessens.
You feel less vulnerable to cold.
You feel stronger.
You feel agile.
You feel a little healthier.
You feel stronger.
You feel healthier.
You closely miss the wretched star. Your headbutt misses the wretched star.
Your shadow imp hits the wretched star but does no damage.
The wretched star glows turbulently.
You block the lance of force.
You slash the wretched star! You headbutt the wretched star.
The wretched star is moderately damaged.
Your shadow imp hits the wretched star but does no damage.
The wretched star glows turbulently.
The lance of force misses you.
You slash the wretched star! You headbutt the wretched star!
You tail-slap the wretched star.
The wretched star is severely damaged.
You are no longer berserk.
You are exhausted.
You feel yourself slow down.
Your shadow imp hits the wretched star but does no damage.
A raiju comes into view.
You hit the wretched star but do no damage.
The wretched star is severely damaged.
Your shadow imp hits the wretched star.
The wretched star glows turbulently.
The lance of force hits your shadow imp!!
Your shadow imp dies!
Your shadow imp disappears in a puff of smoke!
The raiju bursts into living lightning!
The living lightning hits the wretched star.
The wretched star completely resists.
The living lightning hits you!
You die...
Your body crumbles into a pile of gold.

#####. . .
# ... #.
#....
...##..# .
.......###
#§
#.#.....#
### ..$#.#
#...#hx§. #
##.####*# #
...# #@#
.......####
#.# # .. #
## #.# . #
#... ...
#....#
#....
.....# .


You could see a wretched star, a raiju and a small abomination.

Vanquished Creatures
  Josephine (D:10)
  2 two-headed ogres (D:10)
  A thrashing horror (Abyss:2)
  A wretched star (Abyss:2)
  Amaemon (D:10)
  A deep troll (shapeshifter) (Abyss:2)
  2 large abominations (Abyss:2)
  An orange demon (D:10)
  A smoke demon (Abyss:2)
  2 kobold demonologists (D:10)
  A hellion (Abyss:2)
  3 trolls
  A shadow (D:10)
  5 wraiths (D:10)
  Eustachio (D:6)
  2 wyverns
  9 yaks (D:9)
  An ice beast (D:7)
  2 black bears
  A small abomination (Abyss:2)
  A sky beast (D:7)
  3 orc warriors
  A wolf (D:9)
  2 ogres (D:5)
  6 centaurs
  4 kobold brigands
  4 bullfrogs
  A gnoll sergeant (D:5)
  A scorpion (D:5)
  11 killer bees
  An electric eel (D:9)
  9 hounds
  5 orc priests
  A gnoll bouda (D:5)
  A jelly (D:5)
  A sleepcap (D:5)
  Jessica (D:2)
  2 iguanas (D:5)
  13 orc wizards
  5 gnolls
  8 adders
  3 shadow imps
  A white imp (Abyss:2)
  An ufetubus (D:5)
  4 worms
  4 dart slugs
  31 orcs
  10 endoplasms
  4 giant cockroaches
  8 hobgoblins
  14 jackals
  4 quokkas
  7 ball pythons
  6 bats
  4 frilled lizards
  6 goblins
  15 kobolds
  10 rats
252 creatures vanquished.

Vanquished Creatures (collateral kills)
  A deep elf pyromancer (D:10)
1 creature vanquished.

Vanquished Creatures (others)
  A lurking horror (Abyss:2)
  A spectral weapon (D:10)
2 creatures vanquished.

Grand Total: 255 creatures vanquished

Notes
Turn   | Place    | Note
-------+----------+-------------------------------------------
     0 | D:1      | Chiseanne the Demonspawn Wanderer began the quest for the
                  | Orb.
     0 | D:1      | Chiseanne set off with the following items: a +0 mace, a +0
                  | chain mail, a potion of lignification, a potion of
                  | attraction.
     0 | D:1      | Reached XP level 1. HP: 15/15 MP: 1/1
   100 | D:1      | Gained mutation: You regenerate magic rapidly. [demonic
                  | ancestry]
   100 | D:1      | Reached XP level 2. HP: 22/22 MP: 2/2
   281 | D:1      | Reached XP level 3. HP: 22/27 MP: 3/3
   438 | D:1      | Reached skill level 2 in Fighting
   875 | D:2      | Noticed Jessica
   886 | D:2      | Killed Jessica
   887 | D:2      | Reached XP level 4. HP: 17/34 MP: 4/4
  1777 | D:3      | Reached XP level 5. HP: 33/40 MP: 5/5
  1820 | D:3      | Found a shadowy altar of Dithmenos.
  1854 | D:3      | Identified the +7 hand axe of Objectivity {spect, rF+ rC+
                  | Int-5 Stlth+}
  2162 | D:3      | Chiseanne: now we´re talking!
  2438 | D:4      | Reached skill level 3 in Fighting
  2596 | D:4      | You fall into a shaft and drop 3 floors!
  2673 | D:7      | Found Tuakie Ifur's Armour Shop.
  2734 | D:7      | Noticed an ice beast
  2743 | D:7      | Killed an ice beast
  2744 | D:7      | Reached skill level 1 in Shields
  2744 | D:7      | Discovered your monstrous ancestry.
  2744 | D:7      | Gained mutation: You have a small tail. [demonic ancestry]
  2744 | D:7      | Reached XP level 6. HP: 47/47 MP: 6/6
  2760 | D:7      | Noticed a sky beast
  2767 | D:7      | Killed a sky beast
  2857 | D:7      | Found Naahehia's Lightly-Used Armoury.
  3099 | D:6      | Reached skill level 4 in Fighting
  3099 | D:6      | Gained mutation: When hurt, damage is shared between your
                  | health and your magic reserves. [demonic ancestry]
  3099 | D:6      | Reached XP level 7. HP: 54/54 MP: 7/7
  3162 | D:5      | Entered Level 5 of the Dungeon
  3174 | D:5      | Reached skill level 5 in Armour
  3190 | D:5      | Gained mutation: You have a pair of small horns on your
                  | head. [demonic ancestry]
  3190 | D:5      | Reached XP level 8. HP: 45/61 MP: 8/8
  3378 | D:5      | Reached skill level 5 in Fighting
  3550 | D:5      | Identified a scroll of acquirement
  3550 | D:5      | Acquired the ring "Ekyemedd" {Fly rC+ Int+4}
  3558 | D:5      | Reached skill level 5 in Dodging
  3752 | D:5      | Found a staircase to the Ecumenical Temple.
  3767 | Temple   | Entered the Ecumenical Temple
  3809 | Temple   | Became a worshipper of Gozag Ym Sagoz the Greedy
  4294 | D:6      | Noticed Eustachio
  4298 | D:6      | Killed Eustachio
  4299 | D:6      | Reached skill level 6 in Fighting
  4550 | D:6      | Found Ekaipisk's Magic Scroll Shoppe.
  4553 | D:6      | Bought a scroll of noise for 13 gold pieces
  4553 | D:6      | Bought a scroll of poison for 52 gold pieces
  4558 | D:6      | Bought 2 scrolls of teleportation for 78 gold pieces
  4558 | D:6      | Bought a scroll of fear for 52 gold pieces
  4710 | D:7      | Found a shimmering altar of Xom.
  4728 | D:7      | Gained mutation: A weak demonic guardian rushes to your
                  | aid. [demonic ancestry]
  4728 | D:7      | Reached XP level 9. HP: 69/69 MP: 9/9
  5500 | D:8      | Reached skill level 5 in Shields
  5741 | D:8      | Found a hide-covered altar of Uskayaw.
  5741 | D:8      | Found a snail-covered altar of Cheibriados.
  5903 | D:9      | Reached skill level 7 in Fighting
  5918 | D:9      | Found a staircase to the Lair.
  6007 | D:9      | Gained mutation: You have sharp fingernails. [demonic
                  | ancestry]
  6007 | D:9      | Reached XP level 10. HP: 66/79 MP: 10/10
  6115 | D:9      | Found a staircase to the Orcish Mines.
  6508 | D:9      | Identified the +2 ring mail of Crawling {Rampage *Corrode
                  | rPois rC+++}
  6548 | D:9      | Reached skill level 8 in Fighting
  6637 | D:9      | Found Hocettogg's Overcharged Wands.
  6910 | D:10     | Entered Level 10 of the Dungeon
  6922 | D:10     | Noticed a deep elf pyromancer
  7113 | D:10     | Killed a deep elf pyromancer
  7114 | D:10     | Noticed a two-headed ogre
  7205 | D:10     | Noticed a two-headed ogre
  7209 | D:10     | Killed a two-headed ogre
  7280 | D:10     | Noticed Amaemon
  7288 | D:10     | Noticed an orange demon
  7300 | D:10     | Killed Amaemon
  7306 | D:10     | Killed an orange demon
  7418 | D:10     | Killed a two-headed ogre
  7419 | D:10     | Gained mutation: You have very sharp fingernails. [demonic
                  | ancestry]
  7419 | D:10     | Reached XP level 11. HP: 68/87 MP: 8/11
  7589 | D:10     | Noticed Josephine
  7594 | D:10     | Killed Josephine
  7595 | D:10     | Reached skill level 9 in Fighting
  7758 | D:10     | Reached skill level 11 in Fighting
  7758 | D:10     | Gained mutation: You have a tail ending in a sharp stinger.
                  | [demonic ancestry]
  7758 | D:10     | Reached XP level 12. HP: 100/100 MP: 12/12
  8009 | D:10     | Noticed Erolcha
  8012 | Abyss:2  | Cast into level 2 of the Abyss (Erolcha)
  8162 | Abyss:2  | Noticed a rakshasa
  8197 | Abyss:2  | Chiseanne: see? this is the point were I think again you
                  | gamedevs are just idiots nowadays
  8197 | Abyss:2  | HP: 1/70 [wretched star (4)]
  8219 | Abyss:2  | Reached skill level 10 in Shields
  8319 | Abyss:2  | Killed from afar by a raiju

Illustrated notes

Levels and vault maps discovered:
D:1:      giann_bridges, layout_rooms
D:2:      layout_basic, hangedman_decor_opposing, uniq_jessica
D:3:      layout_loops_corners, mainiacjoe_overflow_alcove_2,
          reono_crystal_passage
D:4:      dreamdust_elfheim, layout_loops_ring, kennysheep_little_box,
          minmay_misc_feat_four_crosses
D:5:      layout_loops_cross, minmay_temple_entry_trees, minmay_bent
D:6:      layout_cave_pools, serial_shops, nicolae_shop_rolled_up,
          uniq_eustachio
D:7:      kennysheep_kobold_camp, layout_layer_cave,
          mainiacjoe_overflow_brackets, serial_shops,
          nicolae_shop_tiny_real_fake_doors, minmay_shop_damaged
D:8:      layout_cave_pools, gammafunk_temple_overflow_wave
D:9:      layout_roguey, erik_lair_island, nicolae_shop_overcharged_wands
D:10:     nicolae_cairo_tiling, layout_rooms, st_stairs_10,
          kennysheep_another_room, uniq_josephine, uniq_amaemon, uniq_erolcha
Temple:   minmay_crystal_spiral_temple
Abyss:2:  base: D:1, hangedman_abyss_monster_moat

Skill      XL: |  1  2  3  4  5  6  7  8  9 10 11 12 |
---------------+-------------------------------------+-----
Armour         | 3 4 5 6 7 8 9 |  9.3
Fighting       | 2 3 4 6 7 8 11 | 11.4
Dodging        | 2 3 4 5 6 8 |  8.9
Shields        | 1 2 3 4 6 7 9 10 | 10.0
Maces & Flails | |  1.7
Throwing       | |  1.0
Stealth        | |  1.0
Evocations     | |  1.0

Action                     |  1- 3 |  4- 6 |  7- 9 | 10-12 || total
---------------------------+-------+-------+-------+-------++-------
  Melee: Mace              |   124 |     3 |       |       ||   127
         Punch             |     4 |     3 |       |       ||     7
         Club              |       |    87 |       |       ||    87
         Hand axe          |       |    48 |   155 |   189 ||   392
         Tailslap          |       |     1 |    27 |    30 ||    58
         Headbutt          |       |       |    24 |    53 ||    77
  Throw: Dart              |       |     2 |    14 |       ||    16
         Javelin           |       |       |     2 |       ||     2
 Invoke: Potion Petition   |       |       |       |     1 ||     1
  Evoke: Wand              |       |       |     3 |     2 ||     5
    Use: Potion            |     1 |       |     1 |     1 ||     3
         Scroll            |     3 |     7 |     8 |     5 ||    23
   Stab: Distracted        |       |     1 |     3 |     3 ||     7
 Armour: Chain mail        |    80 |    77 |    52 |    17 ||   226
         Skin              |    12 |       |       |       ||    12
         Ring mail         |       |       |       |    35 ||    35
  Dodge: Dodged            |    55 |    81 |    71 |   128 ||   335
  Block: Tower shield      |       |    21 |   120 |   140 ||   281
